 Dungeon Crawl Stone Soup version 0.32-a0-614-gd166fa89d2 (webtiles) character file.

Game seed: 6938235882672324068

294 petercordia the Trooper (level 6, -1/60 HPs)
             Began as a Naga Gladiator on Mar 5, 2024.
             Was a Believer of Lugonu.
             Slain by a gnoll
             ... wielding a +1 flail of protection
              (8 damage)
             ... on level 4 of the Dungeon.
             The game lasted 00:05:10 (1907 turns).

petercordia the Trooper (Naga Gladiator)            Turns: 1907, Time: 00:05:11

Health: -1/60      AC:  8    Str: 16    XL:     6   Next: 33%
Magic:  6/6        EV: 10    Int:  9    God:    Lugonu [**....]
Gold:   110        SH:  0    Dex: 14    Spells: 5/5 levels left

rFire   + . .        a - +0 trident
rCold   . . .        n - orb {mayhem}
rNeg    . . .        t - +0 troll leather armour {Pargi}
rPois   +            c - +0 helmet
rElec   .            (no cloak)
rCorr   .            (no gloves)
SInv    +            (no barding)
Will    .....        (no amulet)
Stlth   ++           i - +4 ring of protection
HPRegen 1.10/turn    w - ring of protection from fire
MPRegen 0.10/turn

%: mayhem
@: very slow
A: AC +2, large, see invisible, deformed body, poison resistance, slowness 2,
spit poison 1, naga tail 1
a: Spit Poison, Renounce Religion, Depart the Abyss, Banish


You were on level 4 of the Dungeon.
You worshipped Lugonu.
Lugonu was pleased with you.
You visited 1 branch of the dungeon, and saw 4 of its levels.

You collected 110 gold pieces.

Inventory:

Hand Weapons
 a - a +0 trident (weapon)
 v - the +6 morningstar of Trog's Castigation {heavy, rElec}
   (You took it off an orc on level 3 of the Dungeon)

   rElec:     It insulates you from electricity.
 x - a +5 dagger
Missiles
 d - 3 throwing nets (quivered)
 e - a javelin
Armour
 b - a +0 leather armour
 c - a +0 helmet (worn)
 l - a +0 ring mail of willpower
 n - an orb of mayhem (worn)
 t - a +0 troll leather armour (worn) {Pargi}
Jewellery
 i - a +4 ring of protection (left hand)
 p - a ring of resist corrosion
 w - a ring of protection from fire (right hand)
Scrolls
 f - 2 scrolls of brand weapon {unknown}
 g - 2 scrolls of fog {unknown}
 k - a scroll of fear {unknown}
 m - 2 scrolls of identify {unknown}
 q - a scroll of immolation {unknown}
 s - a scroll of poison {unknown}
 u - a scroll of teleportation {unknown}
Potions
 h - a potion of might {unknown}
 j - 3 potions of lignification {unknown}
 o - 2 potions of curing {unknown}
 r - a potion of enlightenment {unknown}


   Skills:
 * Level 4.8 Fighting
 - Level 3.0 Polearms
 - Level 1.7 Throwing
 + Level 3.4 Dodging
 + Level 4.5 Stealth


You had 5 spell levels left.
You didn't know any spells.
Your spell library was empty.

Dungeon Overview and Level Annotations

Branches:
Dungeon (4/15)
 Temple: D:4-7

Altars:
Xom
Lugonu


Innate Abilities, Weirdness & Mutations

Your serpentine skin is tough. (AC +2)
You have supernaturally acute eyesight. (SInv)
Armour fits poorly on your strangely shaped body.
Your system is resistant to poisons. (rPois)
You cover ground very slowly.
You can spit poison.
You have a snake-like lower body.


Message History

The gnoll hits you with a +1 flail of protection.
The iguana bites you! The gnoll misses you.
The gnoll hits you but does no damage.
A gnoll comes into view. It is wielding a +0 club.
You hit the iguana.
The iguana is moderately wounded.
The gnoll hits you with a +1 flail of protection!
The gnoll barely misses you. The iguana barely misses you.
Unknown command.
Aiming: Spit Poison (1% risk of failure)
Press: ? - help, Shift-Dir - straight line, f - gnoll
Aim: a gnoll, wielding a +1 flail of protection (65% to hit)
The splash of poison misses the gnoll.
The splash of poison hits the gnoll.
The gnoll is moderately wounded.
The gnoll closely misses you. The gnoll hits you but does no damage.
A gnoll comes into view. It is wielding a +0 halberd.
The iguana closely misses you.
Unknown command.
You hit the iguana.
The iguana is heavily wounded.
The gnoll closely misses you. The gnoll hits you but does no damage.
The iguana bites you!
* * * LOW HITPOINT WARNING * * *
Unknown command.
You have got your breath back.
The iguana attacks as it pursues you! The iguana bites you.
* * * LOW HITPOINT WARNING * * *
The gnoll attacks as it pursues you! The gnoll closely misses you.
Unknown command.
The iguana closely misses you. The gnoll attacks as it pursues you!
The gnoll hits you from afar with a +0 spear.
* * * LOW HITPOINT WARNING * * *
The gnoll hits you with a +1 flail of protection!
* * * LOW HITPOINT WARNING * * *
The iguana bites you.
* * * LOW HITPOINT WARNING * * *
The gnoll closely misses you.
There is a stone staircase leading up here.
The gnoll hits you with a +1 flail of protection!
You die...

....... .......
....... !.....(
.....g. ## #
......g###.## .#
.....ggg#...#..#
#.. #gl.....#
##.. ##g@(..##
#...##...####
.##...#...##
.........##
........##
######..##
##..## ##..#
##.##


You could see an iguana and 7 gnolls.

Vanquished Creatures
  Pargi (D:3)
  A hound (D:4)
  Jessica (D:3)
  Terence (D:3)
  Robin (D:2)
  2 adders
  A dart slug (D:2)
  7 orcs (D:3)
  6 ball pythons
  6 bats
  5 endoplasms
  12 goblins
  8 hobgoblins
  2 jackals (D:2)
  3 frilled lizards
  3 kobolds (D:1)
  A rat (D:3)
61 creatures vanquished.

Vanquished Creatures (collateral kills)
  An orc wizard (D:3)
  An orc (D:3)
  A goblin (D:4)
  A jackal (D:2)
4 creatures vanquished.

Vanquished Creatures (others)
  An orc (D:3)
1 creature vanquished.

Grand Total: 66 creatures vanquished

Notes
Turn   | Place    | Note
-------+----------+-------------------------------------------
     0 | D:1      | petercordia the Naga Gladiator began the quest for the Orb.
     0 | D:1      | Reached XP level 1. HP: 19/19 MP: 1/1
    65 | D:1      | Found a faded altar of an unknown god.
   113 | D:1      | Prayed at the altar of an unknown god.
   113 | D:1      | Became a worshipper of Lugonu the Unformed
   113 | D:1      | Reached * piety under Lugonu
   212 | D:1      | Reached skill level 1 in Stealth
   212 | D:1      | Reached XP level 2. HP: 25/26 MP: 2/2
   611 | D:2      | Reached XP level 3. HP: 31/33 MP: 3/3
   619 | D:2      | Noticed Robin
   631 | D:2      | Reached ** piety under Lugonu
   638 | D:2      | Killed Robin
   943 | D:2      | Reached XP level 4. HP: 31/42 MP: 4/4
  1309 | D:3      | Noticed Pargi
  1323 | D:3      | Killed Pargi
  1324 | D:3      | Reached XP level 5. HP: 34/50 MP: 5/5
  1389 | D:3      | Noticed Terence
  1407 | D:3      | Killed Terence
  1515 | D:3      | Identified the +6 morningstar of Trog's Castigation {heavy,
                  | rElec}
  1521 | D:3      | Reached XP level 6. HP: 58/58 MP: 6/6
  1662 | D:3      | Noticed Jessica
  1669 | D:3      | Killed Jessica
  1810 | D:4      | Found a shimmering altar of Xom.
  1907 | D:4      | Slain by a gnoll

Illustrated notes

Levels and vault maps discovered:
D:1:      saegor_arrival_simple_e, layout_rooms,
          shapermc_ecumenical_altar_ellora
D:2:      layout_rooms, uniq_robin
D:3:      layout_rooms, nrook_mini_backslash, uniq_jessica, uniq_pargi,
          uniq_terence
D:4:      layout_cave_pods, xom_teletrap_fun, slow_altar_2,
          minmay_stone_trees_large, minmay_between

Skill      XL: |  1  2  3  4  5 |
---------------+----------------+-----
Stealth        | 1 2 3 4 |  4.5
Fighting       | 3 4 |  4.8
Dodging        | 3 |  3.4
Polearms       | |  3.0
Throwing       | |  1.7

Action                     |  1- 3 |  4- 6 || total
---------------------------+-------+-------++-------
  Melee: Trident           |   115 |    84 ||   199
Ability: Spit Poison       |     3 |     7 ||    10
   Stab: Sleeping          |     1 |     2 ||     3
 Armour: Leather armour    |    69 |       ||    69
         Ring mail         |    30 |    15 ||    45
         Troll leather arm |       |    51 ||    51
  Dodge: Dodged            |    61 |    72 ||   133

Table legend: (Time is in decaauts)
 A = Elapsed time spent in this place.
 B = Non-inter-level travel time spent in this place.
 C = Inter-level travel time spent in this place.
 D = Time resting spent in this place.
 E = Time spent auto-exploring this place.
 F = Levels seen in this place.
 G = Mean time per level.
                   A        B        C        D        E       F      G
               +--------+--------+--------+--------+--------+-----+--------+
         Total |   2452 |   2328 |    124 |     40 |   1752 |   4 |  613.0 |
       Dungeon |   2452 |   2328 |    124 |     40 |   1752 |   4 |  613.0 |
               +--------+--------+--------+--------+--------+-----+--------+

Top non-repeatable levels by time:
     D:2: 1034 daAuts
     D:1: 641 daAuts
     D:3: 632 daAuts
     D:4: 143 daAuts
